 Dungeon Crawl Stone Soup version 0.26.0-18-gc5c842f807 (webtiles) character file.

Game seed: 14461737014530526498

4575 lessens the Martial Artist (level 10, -1/63 HPs)
             Began as an Octopode Transmuter on Jan 23, 2021.
             Was an Elder of Okawaru.
             Slain by a bullfrog (4 damage)
             ... on level 8 of the Dungeon.
             The game lasted 00:14:45 (12990 turns).

lessens the Martial Artist (Octopode Transmuter)   Turns: 12990, Time: 00:14:45

Health: -1/63      AC:  1    Str: 13      XL:     10   Next: 41%
Magic:  12/13      EV: 13    Int: 15      God:    Okawaru [****..]
Gold:   605        SH:  0    Dex: 12 (13) Spells: 3/13 levels left

rFire    + . .     SeeInvis .     - Unarmed
rCold    . . .     Faith    .   (no shield)
rNeg     . . .     Spirit   .   (helmet restricted)
rPois    .         Reflect  .   (no amulet)
rElec    .         Harm     .   (no ring)
rCorr    .         Rampage  .   l - ring of wizardry
Will     .....                  m - ring of protection from fire
Stlth    ++........             (no ring)
HPRegen  0.20/turn              (no ring)
MPRegen  0.13/turn              (no ring)
                                (no ring)
                                (no ring)

@: no status effects
A: almost no armour, stealthy swim, amphibious, 8 rings, constrict 8, camouflage
1, gelatinous body 1
a: Renounce Religion, Heroism


You were on level 8 of the Dungeon.
You worshipped Okawaru.
Okawaru was greatly pleased with you.
You visited 2 branches of the dungeon, and saw 10 of its levels.
You also visited: Ossuary.

You collected 605 gold pieces.

Inventory:

Missiles
 c - 154 arrows
 f - 9 boomerangs
 g - 174 stones
 C - 5 curare-tipped darts
Jewellery
 a - an uncursed ring of fire
 l - a ring of wizardry (right tentacle)
 m - a ring of protection from fire (on tentacle)
Wands
 o - a wand of digging (4)
 u - a wand of paralysis (18)
Scrolls
 b - a scroll of enchant weapon {unknown}
 e - 4 scrolls of remove curse
 h - a scroll of magic mapping
 j - a scroll of fog
 k - 4 scrolls of teleportation
 n - 2 scrolls of amnesia {unknown}
 s - 4 scrolls of blinking
 y - a scroll of fear {unknown}
 z - a scroll of enchant armour
Potions
 d - 2 potions of resistance
 i - a potion of cancellation
 p - a potion of flight
 q - 3 potions of might
 r - 3 potions of attraction {unknown}
 t - a potion of haste
 v - a potion of brilliance
 w - 3 potions of curing
 x - 2 potions of heal wounds
 A - a potion of lignification {unknown}
 B - a potion of ambrosia


   Skills:
 - Level 4.1 Fighting
 - Level 2.0 Dodging
 * Level 12.7 Unarmed Combat
 - Level 2.0 Spellcasting
 + Level 5.5 Transmutations
 - Level 2.6 Poison Magic
 - Level 3.0 Invocations


You had 3 spell levels left.
You knew the following spells:

 Your Spells              Type           Power        Failure   Level
a - Beastly Appendage     Tmut           36%          1%          1
b - Wereblood             Tmut           18%          1%          2
c - Spider Form           Tmut/Pois      6%           5%          3
d - Ice Form              Ice/Tmut       9%           26%         4

Your spell library contained the following spells:

 Spells                   Type           Power        Failure   Level
 Shock                    Conj/Air       4%           9%          1
 Swiftness                Air            1%           13%         2
 Static Discharge         Conj/Air       1%           26%         3
 Blade Hands              Tmut           9%           26%         5
 Airstrike                Air            0%           61%         4
 Animate Dead             Necr           0%           61%         4
 Borgnjor's Vile Clutch   Necr/Erth      0%           91%         5
 Lightning Bolt           Conj/Air       0%           91%         5
 Death Channel            Necr           0%           100%        6
 Simulacrum               Ice/Necr       0%           100%        6
 Haunt                    Necr/Summ      0%           100%        7
 Borgnjor's Revivificati  Necr           0%           100%        8
 Infestation              Necr           0%           100%        8
 Necromutation            Tmut/Necr      4%           100%        8
 Death's Door             Necr           0%           100%        9


Dungeon Overview and Level Annotations

Branches:
Dungeon (9/15)             Temple (1/1) D:4         Ossuary (visited)
   Lair: D:8-11         Orc: D:9-12

Altars:
Cheibriados
Dithmenos
Fedhas
Gozag
Hepliaklqana
Kikubaaqudgha
Makhleb
Nemelex Xobeh
Okawaru
Qazlal
Uskayaw
Wu Jian
Xom
Yredelemnul
Zin
Beogh

Shops:
D:4 :


Innate Abilities, Weirdness & Mutations

You cannot wear most types of armour.
You are very stealthy in the water. (Stealth+)
You are amphibious.
You can wear up to eight rings at the same time.
You can use your tentacles to constrict eight enemies at once.
Your skin changes colour to match your surroundings (Stealth+).
Your rubbery body absorbs attacks. (AC +1, EV +1)


Message History

You climb upwards.
Your transformation has ended.
There is a stone staircase leading down here.
You tentacle-slap the bullfrog. Your grab misses the bullfrog.
The bullfrog is heavily wounded.
The bullfrog barely misses you. The jackal bites you. The jackal misses you.
The orc barely misses you.
You bludgeon the bullfrog! You grab the bullfrog.
The bullfrog is almost dead.
You constrict the bullfrog. The bullfrog misses you.
The white imp barely misses you. The orc closely misses you.
The jackal closely misses you. The jackal bites you.
You release your grip on the bullfrog.
The bullfrog hits you. The jackal barely misses you. The white imp hits you.
The white imp freezes you. The orc hits you with a +3 hand axe!
* * * LOW HITPOINT WARNING * * *
The bullfrog hits you!
* * * LOW HITPOINT WARNING * * *
The bullfrog hits you.
You die...

#....# ############
#############....# #..........#
.................# #..........#
###########.#....# #..........#
#.......#.#....# #..........###
#######........# #.............
#.......##..#### #..........###
#############..#####..........##.
.....# ##..@Fo.........<....
_....# ####h>o........)....
)....# #######h5)..........#..
)....######.........###..........
.....#....#.#####...#........###.
########....#####...#..#......###
#..##......................# #
#..##...........#....##....# #
#...#...######..#...###....# #


You could see a bullfrog (poisoned), a white imp, 2 orcs and 2 jackals.

Vanquished Creatures
  4 wraiths
  3 yaks (D:8)
  A water moccasin (D:8)
  2 ice beasts
  2 phantoms
  3 orc warriors
  5 ogres
  3 centaurs
  2 bullfrogs
  A gnoll sergeant (D:7)
  A scorpion (D:5)
  4 wights (D:7)
  5 howler monkeys
  2 quasits
  A bullfrog skeleton (D:4)
  2 bullfrog zombies
  A jelly (D:6)
  5 orc wizards
  2 centaur skeletons
  9 hounds
  5 orc priests
  Jessica (D:3)
  2 iguanas
  8 worker ants
  A killer bee zombie (D:8)
  A hound skeleton (D:9)
  A mummy (Ossuary)
  3 worker ant zombies
  Robin (D:4)
  7 gnolls
  10 adders
  A white imp (D:6)
  2 ufetubi
  An ooze (D:7)
  3 worms (D:2)
  2 dart slugs (D:1)
  7 leopard geckos
  54 orcs
  14 bats
  7 giant cockroaches
  17 goblins
  8 hobgoblins
  2 jackals
  4 quokkas
  8 frilled lizards
  6 gnoll skeletons (Ossuary)
  8 kobolds
  2 kobold skeletons (Ossuary)
  17 orc skeletons (Ossuary)
  10 rats
271 creatures vanquished.

Vanquished Creatures (others)
  12 fungi (D:4)
12 creatures vanquished.

Grand Total: 283 creatures vanquished

Notes
Turn   | Place    | Note
-------+----------+-------------------------------------------
     0 | D:1      | lessens the Octopode Transmuter began the quest for the
                  | Orb.
     0 | D:1      | Reached XP level 1. HP: 13/13 MP: 3/3
   387 | D:1      | Reached XP level 2. HP: 17/18 MP: 5/5
   929 | D:1      | Reached XP level 3. HP: 23/23 MP: 6/6
  1114 | D:2      | Learned a level 2 spell: Wereblood
  1118 | D:2      | Learned a level 3 spell: Spider Form
  1709 | D:2      | Reached skill level 4 in Unarmed Combat
  2316 | D:2      | Reached skill level 1 in Poison Magic
  2316 | D:2      | Reached XP level 4. HP: 16/28 MP: 5/7
  3188 | D:3      | Reached XP level 5. HP: 24/33 MP: 8/8
  3387 | D:3      | Found an opulent altar of Gozag.
  3479 | D:3      | Found a hide-covered altar of Uskayaw.
  3751 | D:3      | Reached skill level 5 in Unarmed Combat
  4008 | D:3      | Noticed Jessica
  4014 | D:3      | Killed Jessica
  4198 | D:3      | Reached XP level 6. HP: 31/38 MP: 9/9
  5094 | D:4      | Found a staircase to the Ecumenical Temple.
  5105 | Temple   | Entered the Ecumenical Temple
  5173 | Temple   | Became a worshipper of Warmaster Okawaru
  5203 | D:4      | Found a basalt altar of Yredelemnul.
  5256 | D:4      | Found a stormy altar of Qazlal.
  5277 | D:4      | Found a blossoming altar of Fedhas.
  5373 | D:4      | Reached skill level 6 in Unarmed Combat
  5374 | D:4      | Found Hohuwnog's Book Shoppe.
  5755 | D:4      | Reached XP level 7. HP: 19/43 MP: 8/10
  6049 | D:4      | Reached skill level 7 in Unarmed Combat
  6217 | D:4      | Noticed Robin
  6236 | D:4      | Killed Robin
  6548 | D:5      | Entered Level 5 of the Dungeon
  6569 | D:5      | Reached * piety under Okawaru
  6797 | D:5      | Reached skill level 8 in Unarmed Combat
  7064 | D:5      | Reached XP level 8. HP: 26/48 MP: 11/11
  7299 | D:5      | Reached skill level 9 in Unarmed Combat
  7363 | D:5      | Found a hazy altar of Hepliaklqana.
  7442 | D:5      | Reached skill level 1 in Invocations
  7648 | D:5      | Found a hazy altar of Hepliaklqana.
  7671 | D:5      | Reached ** piety under Okawaru
  7808 | D:5      | Found a snail-covered altar of Cheibriados.
  7808 | D:5      | Found a faded altar of an unknown god.
  7814 | D:5      | Found a faded altar of an unknown god.
  7816 | D:5      | Found a sparkling altar of Nemelex Xobeh.
  7817 | D:5      | Found a shimmering altar of Xom.
  8190 | D:6      | Reached skill level 10 in Unarmed Combat
  8600 | D:6      | Reached XP level 9. HP: 53/54 MP: 8/12
  8997 | D:6      | Found a blossoming altar of Fedhas.
  9289 | D:7      | Found a sand-covered staircase.
  9294 | Ossuary  | Entered an ossuary
  9551 | Ossuary  | Reached *** piety under Okawaru
  9931 | D:7      | Found the +5 scythe "Finisher" {speed, eviscerate}
  9961 | D:7      | Reached skill level 11 in Unarmed Combat
 11269 | D:8      | Received a gift from Okawaru
 11665 | D:8      | Reached **** piety under Okawaru
 11666 | D:8      | Reached skill level 12 in Unarmed Combat
 11666 | D:8      | Reached XP level 10. HP: 35/63 MP: 10/13
 11838 | D:8      | Found a burning altar of Makhleb.
 12156 | D:8      | Reached skill level 5 in Transmutations
 12192 | D:8      | Learned a level 4 spell: Ice Form
 12408 | D:8      | Found a roughly hewn altar of Beogh.
 12707 | D:8      | Found a glowing silver altar of Zin.
 12707 | D:8      | Noticed a balrug
 12707 | D:8      | Noticed an angel
 12989 | D:8      | HP: 3/63 [bullfrog (8)]
 12990 | D:8      | Slain by a bullfrog

Illustrated notes

Levels and vault maps discovered:
D:1:      lemuel_arrival_hallway, layout_loops_ring, roderic_three_in_a_row,
          minmay_misc_feat_rugged, minmay_misc_feat_doors
D:2:      layout_loops_corners, hex_medium, st_stairs_8
D:3:      layout_basic, marbit_many_paths, grunt_gozag_breadcrumbs,
          chequers_garden, minmay_misc_feat_iff, uniq_jessica
D:4:      layout_rooms, grunt_temple_overflow_forces_of_nature,
          lemuel_crystal_altar, minmay_temple_entry_glass, serial_aquarium,
          aquarium_bridge_island_small [aquarium_subvault_small_water,
          aquarium_subvault_window, aquarium_subvault_window,
          aquarium_subvault_bridge, aquarium_subvault_wall],
          aquarium_bridge_long_joined [aquarium_subvault_wall,
          aquarium_subvault_window, aquarium_subvault_balcony,
          aquarium_subvault_bridge, aquarium_subvault_bridge,
          aquarium_subvault_balcony], aquarium_window_corner,
          aquarium_window_corridor_2, aquarium_window_2, aquarium_view_2f,
          aquarium_view_2b, aquarium_pool_2, serial_shops, kennysheep_mini_moat,
          hangedman_abyss_or_decor_passed, grunt_ministairs_3,
          patterned_corridor, uniq_robin
D:5:      layout_rooms, chequers_temple_overflow_minitemple,
          lemuel_doored_altar, basic_altar
D:6:      layout_rooms, kennysheep_nondescript, fedhas_altar_fruit_tree
D:7:      layout_gridville, lightli_ossuary_entry_decrepit_ruins,
          minmay_guarded_unrand_finisher
D:8:      layout_rooms, grunt_temple_overflow_order_and_chaos_2, special_room
          [special_room_orc]
D:9:      layout_basic, minitemple, serial_shops, nicolae_shop_window_shopping,
          uniq_harold
Temple:   nicolae_temple_figure_zero

Skill      XL: |  1  2  3  4  5  6  7  8  9 10 |
---------------+-------------------------------+-----
Unarmed Combat | 4 5 6 8 10 12 | 12.7
Poison Magic   | 1 2 |  2.6
Transmutations | 3 4 5 |  5.5
Invocations    | 3 |  3.0
Fighting       | 4 |  4.1
Dodging        | |  2.0
Spellcasting   | |  2.0

Action                   |  1- 3 |  4- 6 |  7- 9 | 10-12 || total
-------------------------+-------+-------+-------+-------++-------
Melee: Unarmed           |    79 |   132 |   371 |   126 ||   708
       Constrict         |    22 |    18 |    18 |     7 ||    65
       Tentacles         |    12 |     7 |     9 |     4 ||    32
       Kick              |     3 |     1 |       |       ||     4
       Punch             |     2 |       |     3 |     1 ||     6
 Cast: Beastly Appendage |     3 |     1 |     3 |       ||     7
       Spider Form       |       |     9 |    42 |    12 ||    63
  Use: Scroll            |     5 |       |     9 |       ||    14
       Potion            |       |     3 |       |       ||     3
 Stab: Sleeping          |     9 |     5 |     3 |     1 ||    18
       Invisible         |       |     1 |       |       ||     1
Armor: Skin              |     5 |    14 |    13 |     8 ||    40
Dodge: Dodged            |    31 |    78 |   273 |   138 ||   520
